 Dungeon Crawl Stone Soup version 0.29-a0-88-g03a7b78be7 (webtiles) character file.

Game seed: 7668186773172152429

4887 soggyman666 the Grappler (level 10, -21/94 HPs)
             Began as a Troll Monk on Feb 6, 2022.
             Was an Elder of Trog.
             Demolished by Harold (23 damage)
             ... on level 7 of the Dungeon.
             The game lasted 00:14:13 (5222 turns).

soggyman666 the Grappler (Troll Monk)               Turns: 5222, Time: 00:14:14

Health: -21/94     AC:  8    Str: 25    XL:     10   Next: 26%
Magic:  9/9        EV: 13    Int:  6    God:    Trog [****..]
Gold:   227        SH:  0    Dex: 18    Spells: 9/9 levels left

rFire   . . .      SeeInvis .     - Unarmed
rCold   . . .      Faith    .   (no shield)
rNeg    . . .      Spirit   .   a - +0 robe
rPois   .          Reflect  .   (helmet restricted)
rElec   .          Harm     .   (no cloak)
rCorr   .          Rampage  .   (gloves unavailable)
Will    .....                   (boots unavailable)
Stlth   +++.......              (no amulet)
HPRegen 1.05/turn               e - +4 ring of protection
MPRegen 0.11/turn               j - +6 ring of dexterity

@: marked
A: large, unfitting armour, claws 3, regeneration 1, shaggy fur 1, tough skin 1
a: Renounce Religion, Berserk, Trog's Hand, Brothers in Arms


You were on level 7 of the Dungeon.
You worshipped Trog.
Trog was greatly pleased with you.
You visited 1 branch of the dungeon, and saw 7 of its levels.

You collected 332 gold pieces.
You spent 105 gold pieces at shops.

Inventory:

Hand Weapons
 n - a +0 spear
Armour
 a - a +0 robe (worn)
Jewellery
 e - a +4 ring of protection (left claw)
 j - a +6 ring of dexterity (right claw)
 p - a ring of protection from cold
Wands
 f - a wand of paralysis (12)
Scrolls
 h - a scroll of teleportation
 i - 2 scrolls of magic mapping
 k - a scroll of silence {unknown}
 m - 2 scrolls of fear
Potions
 b - a potion of flight
 c - 2 potions of curing
 d - 3 potions of heal wounds
 g - a potion of haste
 l - a potion of ambrosia
 o - a potion of lignification {unknown}


   Skills:
 + Level 4.3 Fighting
 + Level 6.5 Dodging
 + Level 3.8 Stealth
 + Level 11.6 Unarmed Combat


You had 9 spell levels left.
You didn't know any spells.
Your spell library contained the following spells:

 Spells                   Type           Power      Damage    Failure   Level
 Foxfire                  Conj/Fire      0%         2x1d4     45%         1
 Magic Dart               Conj           0%         1d3       45%         1
 Call Imp                 Summ           0%         N/A       58%         2
 Conjure Flame            Conj/Fire      0%         6-21      83%         3
 Inner Flame              Hex/Fire       0%         N/A       83%         3
 Mephitic Cloud           Conj/Pois/Air  0%         N/A       83%         3
 Flame Wave               Conj/Fire      0%         2d4       99%         4
 Chain Lightning          Conj/Air       0%         N/A       100%        9
 Fire Storm               Conj/Fire      0%         5d1       100%        9
 Shatter                  Erth           0%         3d5*      100%        9


Dungeon Overview and Level Annotations

Branches:
Dungeon (7/15)             Temple (0/1) D:7

Altars:
Ashenzari
Cheibriados
Okawaru
Ru
Trog
Uskayaw
The Shining One

Shops:
D:1 [   D:6 :*?(

Annotations:
D:7 Harold


Innate Abilities, Weirdness & Mutations

You are too large for most types of armour.
You have claws for hands.
Your natural rate of healing is unusually fast.
You are covered in fur. (AC +1)
You have tough skin. (AC +1)


Message History

You claw the orc!
You kill the orc!
Trog accepts your kill.
Harold hits you from afar with a +0 glaive!
Harold fires a harpoon shot at you. The harpoon shot misses you.
You mangle the orc!!
You kill the orc!
Trog accepts your kill.
Harold throws a throwing net.
The throwing net barely misses you. Harold hits you with a +0 glaive.
Items here: (( ))).
You claw Harold!
Harold is lightly wounded.
Harold misses you. Harold hits you with a +0 glaive!!
You mangle Harold!!
Harold is heavily wounded.
Harold gestures at you while chanting. A sentinel's mark forms upon you.
You barely miss Harold. Your claw misses Harold.
Harold is moderately wounded.
Harold hits you with a +0 glaive!!
You claw Harold!
Harold is heavily wounded.
Harold hits you with a +0 glaive!
* * * LOW HITPOINT WARNING * * *
You scratch Harold. You claw Harold.
Harold is severely wounded.
Harold hits you with a +0 glaive.
* * * LOW HITPOINT WARNING * * *
You scratch Harold but do no damage.
Harold is severely wounded.
Harold hits you with a +0 glaive!!
* * * LOW HITPOINT WARNING * * *
Harold hits you with a +0 glaive.
* * * LOW HITPOINT WARNING * * *
You barely miss Harold.
Harold is heavily wounded.
Harold hits you with a +0 glaive!!
You die...

#.#
#.##...###.....#
#.#
#.##.........###
#.#
#.##...#........
#.#
##.##..........⌠.
#.#
#................
#.#
#..###.###....###
#.# #..# #
##.#...#
#.###.>###.#
###...#
#..(@<.....#
#....
#####@.#.###
##### #..# ####
#..# #.... #..#
#.### #..# #...
##.. ##.


You could see Harold (fast).

Vanquished Creatures
  Pikel (D:4)
  Joseph (D:7)
  A komodo dragon (D:7)
  A wyvern (D:7)
  Eustachio (D:5)
  Menkaure (D:6)
  A water moccasin (D:7)
  An orc warrior (D:6)
  Duvessa (D:6)
  An ice beast (D:6)
  4 black bears
  3 sky beasts (D:6)
  6 ogres
  4 centaurs
  A phantom (D:7)
  A kobold brigand (D:6)
  A bullfrog (D:6)
  A gnoll sergeant (D:5)
  Blork the orc (D:4)
  2 scorpions
  Dowan (D:6)
  4 wights (D:5)
  A jelly (D:6)
  A bullfrog zombie (D:5)
  4 hounds
  A gnoll shaman (D:6)
  A bullfrog skeleton (D:6)
  6 orc wizards (D:6)
  11 iguanas
  A mummy (D:5)
  12 gnolls
  6 adders
  A shadow imp (D:5)
  A worm (D:3)
  4 dart slugs
  8 orcs
  3 bats
  8 endoplasms
  6 hobgoblins
  6 jackals
  5 kobolds
  2 quokkas
  12 ball pythons
  7 frilled lizards
  6 goblins
  7 rats
159 creatures vanquished.

Vanquished Creatures (others)
  4 plants (D:7)
4 creatures vanquished.

Grand Total: 163 creatures vanquished

Notes
Turn   | Place    | Note
-------+----------+-------------------------------------------
     0 | D:1      | soggyman666 the Troll Monk began the quest for the Orb.
     0 | D:1      | Reached XP level 1. HP: 22/22 MP: 0/0
   187 | D:1      | Found Aremm's Antique Armour Shoppe.
   203 | D:1      | Reached XP level 2. HP: 29/29 MP: 1/1
   403 | D:1      | Found a faded altar of an unknown god.
   889 | D:2      | Reached XP level 3. HP: 36/36 MP: 2/2
  1597 | D:3      | Reached XP level 4. HP: 42/44 MP: 3/3
  1755 | D:3      | Reached skill level 4 in Unarmed Combat
  1989 | D:3      | Found a glowing golden altar of the Shining One.
  2060 | D:4      | Noticed an ogre
  2070 | D:4      | Killed an ogre
  2071 | D:4      | Reached XP level 5. HP: 29/52 MP: 4/4
  2106 | D:4      | Found a sacrificial altar of Ru.
  2167 | D:4      | Reached skill level 5 in Unarmed Combat
  2170 | D:4      | Noticed Blork the orc
  2180 | D:4      | Killed Blork the orc
  2181 | D:4      | Reached XP level 6. HP: 53/59 MP: 5/5
  2338 | D:4      | Found a bloodstained altar of Trog.
  2351 | D:4      | Became a worshipper of Trog the Wrathful
  2351 | D:4      | Reached * piety under Trog
  2351 | D:4      | Reached ** piety under Trog
  2367 | D:4      | Noticed Pikel
  2377 | D:4      | Killed Pikel
  2378 | D:4      | Reached skill level 6 in Unarmed Combat
  2378 | D:4      | Reached XP level 7. HP: 27/67 MP: 6/6
  2420 | D:4      | Found an iron altar of Okawaru.
  2631 | D:5      | Entered Level 5 of the Dungeon
  2659 | D:5      | Reached skill level 7 in Unarmed Combat
  2710 | D:5      | Found a snail-covered altar of Cheibriados.
  2734 | D:5      | Reached XP level 8. HP: 75/75 MP: 7/7
  2869 | D:5      | Noticed Eustachio
  2882 | D:5      | Killed Eustachio
  3002 | D:5      | Reached skill level 8 in Unarmed Combat
  3025 | D:5      | Reached skill level 5 in Dodging
  3266 | D:5      | Found a broken altar of Ashenzari.
  3563 | D:5      | Found a hide-covered altar of Uskayaw.
  3644 | D:6      | Reached XP level 9. HP: 84/84 MP: 8/8
  3683 | D:6      | Found Wituusas's General Store.
  3696 | D:6      | Reached skill level 9 in Unarmed Combat
  3739 | D:6      | Reached *** piety under Trog
  3884 | D:6      | Found Nubener's Book Emporium.
  4043 | D:6      | Noticed Menkaure
  4049 | D:6      | Killed Menkaure
  4136 | D:6      | Noticed Dowan
  4137 | D:6      | Noticed Duvessa
  4146 | D:6      | Killed Duvessa
  4147 | D:6      | Reached skill level 10 in Unarmed Combat
  4156 | D:6      | Killed Dowan
  4173 | D:6      | Found Jilog's Weapon Shop.
  4287 | D:6      | Found Rigikh's Magic Scroll Shop.
  4302 | D:6      | Bought a scroll of identify for 28 gold pieces
  4302 | D:6      | Bought a scroll of identify for 28 gold pieces
  4302 | D:6      | Bought a scroll of magic mapping for 49 gold pieces
  4779 | D:7      | Noticed a komodo dragon
  4782 | D:7      | Reached skill level 11 in Unarmed Combat
  4793 | D:7      | Killed a komodo dragon
  4794 | D:7      | Reached XP level 10. HP: 92/92 MP: 9/9
  4796 | D:7      | Reached **** piety under Trog
  5047 | D:7      | Noticed Joseph
  5062 | D:7      | Killed Joseph
  5099 | D:7      | Found a staircase to the Ecumenical Temple.
  5198 | D:7      | Noticed Harold
  5221 | D:7      | HP: 1/94 [Harold (4)]
  5222 | D:7      | Demolished by Harold

Illustrated notes

Levels and vault maps discovered:
D:1:      dpeg_arrival_houses_and_road, layout_basic,
          hellmonk_ecumenical_altar_slurped_away, serial_shops, shop,
          chequers_serial_rivers_small_3
D:2:      layout_rooms
D:3:      minmay_angry_zag, layout_basic, tso_altar, serial_glass,
          glass_columns_a, glass_columns_a, mrwooster_statue_mirror
D:4:      layout_rooms, kennysheep_mini, nicolae_overflow_crystal_walls,
          okawaru_gym_becter, uniq_pikel, uniq_blork_the_orc
D:5:      layout_loops_ring, mainiacjoe_overflow_alcove_1, slow_altar_2,
          nicolae_uskayaw_suspiria, uniq_eustachio
D:6:      minmay_flawed_box, layout_basic, serial_shops, nicolae_diamond_shop,
          nicolae_shop_crystal, nicolae_shop_advertising_works
          [nicolae_subvault_shop_adworks], shop, serial_park_tiny_pond,
          minmay_liquid_box, kennysheep_opposing_triangles, uniq_duvessa,
          uniq_menkaure
D:7:      layout_loops_ring, minmay_temple_entry_junction_2, minmay_lizard_king,
          uniq_joseph, uniq_harold

Skill      XL: |  1  2  3  4  5  6  7  8  9 |
---------------+----------------------------+-----
Dodging        | 3 4 5 6 |  6.5
Unarmed Combat | 4 5 6 7 8 11 | 11.6
Stealth        | 2 3 |  3.8
Fighting       | 3 4 |  4.3

Action                   |  1- 3 |  4- 6 |  7- 9 | 10-12 || total
-------------------------+-------+-------+-------+-------++-------
Melee: Unarmed           |    89 |    76 |   222 |    44 ||   431
       Punch             |     2 |     4 |    15 |     2 ||    23
Invok: Berserk           |       |       |     1 |       ||     1
  Use: Scroll            |     5 |     6 |     6 |       ||    17
       Potion            |       |       |     1 |       ||     1
 Stab: Sleeping          |     4 |     4 |     7 |       ||    15
Armor: Robe              |    30 |    39 |    74 |    10 ||   153
Dodge: Dodged            |    31 |    49 |   136 |    23 ||   239

Table legend: (Time is in decaauts)
 A = Elapsed time spent in this place.
 B = Non-inter-level travel time spent in this place.
 C = Inter-level travel time spent in this place.
 D = Time resting spent in this place.
 E = Time spent auto-exploring this place.
 F = Levels seen in this place.
 G = Mean time per level.
                   A        B        C        D        E       F      G
               +--------+--------+--------+--------+--------+-----+--------+
         Total |   5170 |   4961 |    209 |    409 |   3491 |   7 |  738.6 |
       Dungeon |   5170 |   4961 |    209 |    409 |   3491 |   7 |  738.6 |
               +--------+--------+--------+--------+--------+-----+--------+

Top non-repeatable levels by time:
     D:6: 1071 daAuts
     D:5: 962 daAuts
     D:1: 874 daAuts
     D:3: 726 daAuts
     D:4: 579 daAuts
     D:7: 518 daAuts
     D:2: 438 daAuts
